AoeStats
← oldnoob2024

Fortress

509315002Analyzed
4v4 RM · 7d ago on Sep 26, 2026· 43m 43s· 8 players
Game mode
Random Map
Map size
Huge
Population
200
Speed
Normal
Resources
Standard
Victory
Conquest
Starting age
Dark Age
Ending age
Imperial Age
RankedLock teamsTeams togetherTeam positionsShared explorationLock speedFull tech treeHidden civsTurbo modeCheats
Victory
Defeat
🇻🇳 Wu · Vietnam
1398
+15
🇻🇳 Franks · Vietnam
1382
+16
🇹🇷 Khmer · Türkiye
1280
+20
🇨🇳 Sicilians · China
1218
+21
🇪🇸 Saxons · Spain
1398
-19
🇻🇳 Cumans · Vietnam
1388
-19
🇲🇽 Celts · Mexico
1345
-17
🇩🇪 Danes · Germany
1342
-17
oldnoob2024
6:48 Loom
8:50 Feudal Age
10:05 Town Watch
12:57 Castle Age
10:56 Double-Bit Axe
11:18 Horse Collar
13:01 Wheelbarrow
14:00 Bow Saw
15:44 Fletching
17:02 Padded Archer Armor
16:58 Bodkin Arrow
17:58 Elite Skirmisher
32:46 Gold Mining
34:02 Hand Cart
33:53 Heavy Plow
35:41 Pikeman
36:06 Arson
36:22 Scale Mail Armor
36:33 Forging
37:29 Gold Shaft Mining
37:58 Chain Mail Armor
41:22 Imperial Age
Cris Jr.
7:00 Feudal Age
7:26 Double-Bit Axe
11:46 Castle Age
11:29 Horse Collar
12:53 Bow Saw
14:49 Heavy Plow
15:37 Loom
19:05 Wheelbarrow
20:21 Hand Cart
20:23 Town Watch
20:58 Gold Mining
21:00 Stone Mining
22:59 Squires
23:03 Scale Mail Armor
23:14 Forging
24:05 Chain Mail Armor
26:48 Imperial Age
27:45 Gold Shaft Mining
28:26 Conscription
27:44 Elite Varangian Guard
28:58 Plate Mail Armor
29:04 Iron Casting
30:37 Arson
30:51 Shield Wall
31:44 Gambesons
34:23 Two-Man Saw
35:11 Fletching
36:24 Bodkin Arrow
37:19 Crop Rotation
36:35 Pikeman
39:00 Hoardings
38:53 Bracer
NPChinh
6:08 Feudal Age
6:52 Double-Bit Axe
7:11 Horse Collar
15:32 Castle Age
13:48 Gold Mining
13:53 Stone Mining
16:19 Wheelbarrow
15:29 Loom
17:23 Bow Saw
17:32 Heavy Plow
21:35 Bloodlines
22:05 Gold Shaft Mining
25:08 Forging
25:03 Scale Barding Armor
25:13 Light Cavalry
26:31 Iron Casting
30:56 Imperial Age
29:10 Hand Cart
30:56 Cavalier
30:57 Hussar
32:43 Blast Furnace
32:03 Chain Barding Armor
32:47 Two-Man Saw
32:24 Coinage
32:24 Crop Rotation
32:07 Town Watch
32:24 Paladin
33:58 Banking
33:29 Caravan
34:55 Onager
35:19 Paladin
37:26 Chemistry
37:16 Siege Onager
37:30 Sappers
38:20 Steppe Husbandry
41:06 Plate Barding Armor
40:56 Steppe Husbandry
40:21 Pikeman
41:02 Squires
41:35 Scale Mail Armor
AOE2.GG | NONO
6:44 Feudal Age
11:29 Castle Age
9:29 Double-Bit Axe
9:52 Horse Collar
10:40 Gold Mining
12:22 Scale Mail Armor
12:57 Loom
15:00 Forging
19:54 Wheelbarrow
25:56 Stone Mining
28:31 Chain Mail Armor
28:51 Iron Casting
29:47 Bow Saw
30:18 Hand Cart
32:41 Imperial Age
29:43 Hamask
31:46 Town Watch
32:45 Stone Shaft Mining
32:46 Gold Shaft Mining
33:08 Gambesons
33:23 Squires
33:08 Arson
33:23 Squires
34:04 Conscription
33:05 Elite Jomsviking
33:40 Northmen's Fury
34:52 Elite Varangian Guard
36:32 Town Patrol
38:18 Plate Mail Armor
38:48 Blast Furnace
38:29 Onager
40:15 Hoardings
44:02 Chemistry
43:22 Ballistics
43:08 Siege Engineers
43:13 Masonry
43:23 Fletching
43:33 Padded Archer Armor
Exellence
7:44 Feudal Age
10:45 Castle Age
8:39 Double-Bit Axe
8:42 Horse Collar
13:39 Wheelbarrow
16:27 Bow Saw
17:26 Heavy Plow
17:26 Gold Mining
22:38 Imperial Age
19:54 Loom
21:13 Hand Cart
20:45 Town Watch
23:43 Gold Shaft Mining
23:04 Heavy Scorpion
24:16 Double Crossbow
25:50 Siege Engineers
26:46 Chemistry
28:15 Ballistics
27:51 Capped Ram
29:18 Heavy Plow
29:53 Stone Mining
29:44 Siege Ram
31:14 Light Cavalry
32:05 Bloodlines
31:56 Husbandry
32:11 Hussar
33:13 Forging
33:23 Scale Barding Armor
35:02 Crop Rotation
36:04 Iron Casting
35:49 Chain Barding Armor
38:15 Blast Furnace
37:38 Conscription
37:35 Masonry
37:38 Fortified Wall
39:00 Caravan
41:34 Plate Barding Armor
40:50 Fletching
41:29 Murder Holes
42:04 Architecture
42:47 Bodkin Arrow
mx
3:36 Loom
6:49 Feudal Age
7:10 Horse Collar
7:40 Double-Bit Axe
12:50 Castle Age
14:00 Bow Saw
14:29 Heavy Plow
18:46 Wheelbarrow
18:08 Gold Mining
18:21 Town Watch
18:22 Loom
20:11 Devotion
22:57 Hand Cart
26:55 Imperial Age
25:07 Gold Shaft Mining
25:02 Forging
25:50 Scale Barding Armor
25:59 Bloodlines
25:50 Husbandry
26:42 Masonry
27:14 Scale Mail Armor
28:02 First Crusade
28:26 Iron Casting
28:12 Chain Mail Armor
27:53 Capped Ram
28:42 Siege Engineers
29:23 Iron Casting
29:54 Plate Mail Armor
29:18 Elite Serjeant
30:21 Conscription
31:52 Blast Furnace
31:07 Squires
30:53 Arson
31:15 Siege Ram
32:28 Hauberk
32:45 Chain Barding Armor
32:52 Cavalier
33:43 Stone Mining
35:05 Plate Barding Armor
34:44 Caravan
34:55 Guilds
35:46 Pikeman
37:18 Fletching
38:04 Hoardings
37:18 Arrowslits
38:34 Chemistry
37:06 Halberdier
38:44 Bodkin Arrow
39:13 Ballistics
38:28 Man-at-Arms
39:58 Bracer
Duc dam tac thich bus cu
7:05 Feudal Age
7:39 Double-Bit Axe
11:51 Castle Age
11:30 Fletching
11:56 Gold Mining
12:39 Bodkin Arrow
13:13 Loom
14:31 Bow Saw
20:15 Gold Shaft Mining
20:51 Padded Archer Armor
24:02 Ballistics
29:16 Imperial Age
27:57 Leather Archer Armor
30:21 Bracer
34:01 Conscription
33:43 Red Cliffs Tactics
38:37 Chemistry
38:23 Elite Fire Archer
42:51 Sitting Tiger
RoadTo1100
7:51 Feudal Age
8:59 Double-Bit Axe
12:05 Castle Age
13:15 Bow Saw
15:16 Wheelbarrow
14:27 Loom
16:45 Hand Cart
19:06 Gold Mining
19:30 Husbandry
19:17 Town Watch
20:48 Gold Shaft Mining
26:37 Imperial Age
24:18 Caravan
25:15 Padded Archer Armor
25:24 Scale Barding Armor
25:29 Forging
26:26 Chain Barding Armor
28:09 Iron Casting
27:00 Cavalier
27:32 Town Watch
29:06 Paladin
31:42 Plate Barding Armor
32:12 Conscription
33:30 Blast Furnace
35:23 Coinage
38:03 Coinage
Connection lost

Rejoining the realm…

Still unreachable

The connection could not be restored.

Session expired

The server has moved on; the page needs a fresh start.